 Dungeon Crawl Stone Soup version 0.29-a0-284-gf9362112df (webtiles) character file.

Game seed: 17274292556601298239

88 siradein the Caller (level 4, 0/33 HPs)
             Began as a Draconian Summoner on Mar 31, 2022.
             Slain by a gnoll
             ... wielding a +0 flail
              (5 damage)
             ... on level 2 of the Dungeon.
             The game lasted 00:03:16 (1699 turns).

siradein the Caller (Draconian Summoner)            Turns: 1699, Time: 00:03:17

Health: 0/33       AC:  5    Str: 11    XL:     4   Next: 30%
Magic:  5/7        EV: 12    Int: 17    God:
Gold:   55         SH:  0    Dex: 11    Spells: 1/7 levels left

rFire   . . .      SeeInvis .   l - +0 spear (venom)
rCold   . . .      Faith    .   (no shield)
rNeg    . . .      Spirit   .   (body armour unavailable)
rPois   .          Reflect  .   (helmet restricted)
rElec   .          Harm     .   (no cloak)
rCorr   .          Rampage  .   (no gloves)
Will    .....                   (no boots)
Stlth   ++........              (no amulet)
HPRegen 0.11/turn               (no ring)
MPRegen 0.10/turn               (no ring)

@: no status effects
A: AC +5, unfitting armour, cold-blooded
a: no special abilities


You were on level 2 of the Dungeon.
You visited 1 branch of the dungeon, and saw 2 of its levels.

You collected 55 gold pieces.

Inventory:

Hand Weapons
 l - a +0 spear of venom (weapon)
Scrolls
 d - a scroll of enchant armour {unknown}
 e - 2 scrolls of enchant weapon {unknown}
 f - a scroll of acquirement {unknown}
 j - a scroll of amnesia {unknown}
 k - a scroll of magic mapping {unknown}
Potions
 a - a potion of magic
 b - a potion of brilliance {unknown}
 c - a potion of mutation {unknown}
 g - a potion of curing {unknown}
 h - a potion of haste {unknown}
 i - 2 potions of heal wounds {unknown}


   Skills:
 - Level 1.7 Dodging
 - Level 1.7 Stealth
 - Level 2.0 Spellcasting
 + Level 5.8 Summonings


You had one spell level left.
You knew the following spells:

 Your Spells              Type           Power      Damage    Failure   Level
a - Summon Small Mammal   Summ           84%        N/A       1%          1
b - Call Imp              Summ           21%        N/A       2%          2
c - Call Canine Familiar  Summ           21%        N/A       5%          3

Your spell library contained the following spells:

 Spells                   Type           Power      Damage    Failure   Level
 Summon Guardian Golem    Hex/Summ       11%        N/A       17%         3
 Summon Lightning Spire   Summ/Air       11%        N/A       50%         4


Dungeon Overview and Level Annotations

Branches:
Dungeon (2/15)

Altars:


Innate Abilities, Weirdness & Mutations

Your plain brown scales are hard. (AC +5)
You cannot fit into any form of body armour.
You are cold-blooded and may be slowed by cold attacks.


Message History

The gnoll barely misses you.
Your crimson imp blinks!
You barely miss the gnoll.
The gnoll is moderately wounded.
The gnoll hits you with a +0 flail! The gnoll barely misses you.
Your crimson imp blinks!
The gnoll attacks as you move away! The gnoll closely misses you.
Your crimson imp blinks!
The gnoll attacks as you move away! The gnoll hits you with a +0 flail.
The gnoll throws a stone.
The stone hits you.
Your crimson imp barely misses the gnoll.
The gnoll attacks as you move away! The gnoll hits you with a +0 flail.
The gnoll attacks as you move away! The gnoll hits you with a +0 flail.
* * * LOW HITPOINT WARNING * * *
Your crimson imp blinks!
You kill the gnoll!
The gnoll hits you but does no damage. The gnoll attacks as you move away!
The gnoll barely misses you.
Casting: Call Imp (safe; 2% risk of failure)
Confirm with . or Enter, or press ? or * to list all spells.
A metallic apparition takes form in the air.
Your crimson imp disappears in a puff of smoke!
The gnoll hits you with a +0 flail.
* * * LOW HITPOINT WARNING * * *
You swap places.
The gnoll closely misses your iron imp.
Your iron imp barely misses the gnoll.
The gnoll hits your iron imp with a +0 flail.
Your iron imp hits the gnoll but does no damage.
The gnoll hits your iron imp but does no damage.
Your iron imp hits the gnoll.
The gnoll closely misses your iron imp.
Your iron imp barely misses the gnoll.
The gnoll hits your iron imp with a +0 flail!
The gnoll barely misses your iron imp.
Your iron imp barely misses the gnoll.
Your iron imp barely misses the gnoll.
Casting: Call Imp (safe; 2% risk of failure)
Confirm with . or Enter, or press ? or * to list all spells.
Your iron imp barely misses the gnoll.
Your quokka bites the gnoll.
The gnoll attacks as you move away! The gnoll hits you with a +0 flail.
You die...

#.# #.########.# #
#.####.#........#
###########
#......#.########
..........#####.#.......#
.##.#.#........)..##.#..#
#
)##.#.>.#..#.##.........#
##
...()..##..#......##.##.#
#.
###.##..................##
##
###.##.##.......@.<..#...#
###
..)...........rg.#####...#
#.. ######.###.......#
#.(.# #.. ######.#
####.#### #...# #..
#....ยง.# #.#
######...######.. #......#
#.###.............#5.
#......#
#....................
#.....##
###.###.............#..
#.....#
#..g..######...######..


You could see a gnoll (ally target) and a friendly quokka (summoned).

Vanquished Creatures
  A hound (D:2)
  A gnoll (D:2)
  2 worms (D:2)
  3 bats
  3 endoplasms (D:1)
  2 giant cockroaches
  2 goblins (D:2)
  3 hobgoblins
  2 jackals (D:1)
  3 kobolds
  2 quokkas (D:1)
  2 ball pythons
  A rat (D:1)
27 creatures vanquished.

Vanquished Creatures (collateral kills)
  An adder (D:2)
  2 endoplasms
  A goblin (D:2)
4 creatures vanquished.

Grand Total: 31 creatures vanquished

Notes
Turn   | Place    | Note
-------+----------+-------------------------------------------
     0 | D:1      | siradein the Draconian Summoner began the quest for the
                  | Orb.
     0 | D:1      | Reached XP level 1. HP: 14/14 MP: 3/3
   368 | D:1      | Reached XP level 2. HP: 20/20 MP: 5/5
   377 | D:1      | Learned a level 2 spell: Call Imp
   841 | D:2      | Reached skill level 5 in Summonings
   841 | D:2      | Reached XP level 3. HP: 25/26 MP: 3/6
   845 | D:2      | Learned a level 3 spell: Call Canine Familiar
  1101 | D:2      | Found a faded altar of an unknown god.
  1200 | D:2      | Reached XP level 4. HP: 29/33 MP: 7/7
  1699 | D:2      | Slain by a gnoll

Illustrated notes

Levels and vault maps discovered:
D:1:      ebering_trefoil_3fold, layout_rooms, minmay_misc_feat_tower
D:2:      layout_loops_cross, basic_altar,
          hellmonk_ecumenical_altar_leap_of_faith

Skill      XL: |  1  2 |
---------------+-------+-----
Summonings     | 5 |  5.8
Dodging        | |  1.7
Stealth        | |  1.7
Spellcasting   | |  2.0

Action                   |  1- 3 |  4- 6 || total
-------------------------+-------+-------++-------
Melee: Dagger            |    64 |     2 ||    66
       Tailslap          |     6 |     1 ||     7
       Spear             |       |    13 ||    13
 Cast: Summon Small Mamm |     5 |     1 ||     6
       Call Imp          |     7 |     4 ||    11
 Stab: Sleeping          |     2 |     1 ||     3
Armor: Skin              |    15 |     4 ||    19
Dodge: Dodged            |    32 |    12 ||    44

Table legend: (Time is in decaauts)
 A = Elapsed time spent in this place.
 B = Non-inter-level travel time spent in this place.
 C = Inter-level travel time spent in this place.
 D = Time resting spent in this place.
 E = Time spent auto-exploring this place.
 F = Levels seen in this place.
 G = Mean time per level.
                   A        B        C        D        E       F      G
               +--------+--------+--------+--------+--------+-----+--------+
         Total |   1700 |   1689 |     11 |      0 |   1426 |   2 |  850.0 |
       Dungeon |   1700 |   1689 |     11 |      0 |   1426 |   2 |  850.0 |
               +--------+--------+--------+--------+--------+-----+--------+

Top non-repeatable levels by time:
     D:2: 865 daAuts
     D:1: 834 daAuts
